 Dungeon Crawl Stone Soup version 0.31-a0-640-g39d97e502b (webtiles) character file.

Game seed: 14970307903005699539

1025 qw the Skirmisher (level 8, -2/49 HPs)
             Began as a Gargoyle Hunter on Aug 27, 2023.
             Was an Initiate of Okawaru.
             Slain by a bullfrog (5 damage)
             ... on level 6 of the Dungeon.
             The game lasted 00:02:06 (4454 turns).

qw the Skirmisher (Gargoyle Hunter)                 Turns: 4454, Time: 00:02:06

Health: -2/49      AC: 14    Str: 14    XL:     8   Next: 23%
Magic:  8/8        EV: 13    Int: 11    God:    Okawaru [......]
Gold:   325        SH:  0    Dex: 19    Spells: 7/7 levels left

rFire   . . .        Y - +0 shortbow
rCold   . . .        (shield currently unavailable)
rNeg    + . .        d - +0 leather armour of Ydominn {Fly Dex+4}
rPois   inf          (no helmet)
rElec   +            (no cloak)
rCorr   .            j - +0 pair of gloves
SInv    .            (no boots)
Will    .....        (no amulet)
Stlth   ++           g - +4 ring of protection
HPRegen 0.28/turn    (no ring)
MPRegen 0.11/turn

%: no passive effects
@: flying
A: sickness immunity, AC +5, negative energy resistance 1, electricity
resistance, torment resistance 1, petrification resistance
a: Renounce Religion


You were on level 6 of the Dungeon.
You worshipped Okawaru.
Okawaru was noncommittal.
You visited 2 branches of the dungeon, and saw 7 of its levels.
You also visited: Sewer.

You collected 325 gold pieces.


Innate Abilities, Weirdness & Mutations

You are immune to sickness and miasma.
Your stone body is resilient. (AC +5)
You are immune to poison.
You resist negative energy. (rN+)
You are resistant to electric shocks. (rElec)
You are resistant to unholy torment.
You are immune to petrification.


   Skills:
 - Level 5.0 Fighting
 + Level 8.2 Ranged Weapons
 - Level 2.9 Armour
 - Level 2.8 Dodging
 - Level 1.1 Stealth


You had 7 spell levels left.
You didn't know any spells.
Your spell library was empty.

Inventory:

Hand Weapons
 Y - a +0 shortbow (weapon)
Armour
 d - the +0 leather armour of Ydominn (worn) {Fly Dex+4}
   (You found it on level 5 of the Dungeon)

   Dex+4:     It affects your dexterity (+4).
   Fly:       It grants you flight.
 j - a +0 pair of gloves (worn)
Jewellery
 g - a +4 ring of protection (left hand)
Scrolls
 h - a scroll of identify
Potions
 a - a potion of cancellation
 b - 2 potions of haste
 i - a potion of resistance
 l - a potion of enlightenment {unknown}

Dungeon Overview and Level Annotations

Branches:
Dungeon (6/15)             Temple (1/1) D:5           Sewer (visited)

Altars:
Ashenzari
Cheibriados
Dithmenos
Elyvilon
Fedhas
Gozag
Hepliaklqana
Kikubaaqudgha
Makhleb
Nemelex Xobeh
Okawaru
Qazlal
Ru
Sif Muna
Trog
Uskayaw
Vehumet
Wu Jian
Xom
Yredelemnul
Zin
The Shining One


Message History

The steam dragon claws you but does no damage.
The bullfrog hits you.
You shoot an arrow. The arrow hits the steam dragon.
The steam dragon is almost dead.
You are engulfed in a cloud of scalding steam.
The adder bites you but does no damage.
The bullfrog hits you but does no damage.
The steam dragon bites you but does no damage.
The steam dragon closely misses you. The adder completely misses you.
You shoot an arrow.
The arrow barely misses the steam dragon.
You are engulfed in a cloud of scalding steam.
The bullfrog closely misses you.
The bullfrog hits you but does no damage.
The adder bites you but does no damage. The steam dragon barely misses you.
The steam dragon completely misses you.
You shoot an arrow.
The arrow hits the steam dragon but does no damage.
The steam dragon is almost dead.
The bullfrog completely misses you. The adder bites you but does no damage.
The steam dragon bites you. The steam dragon barely misses you.
The bullfrog barely misses you.
You shoot an arrow.
The arrow barely misses the steam dragon.
The adder bites you but does no damage. The bullfrog completely misses you.
The steam dragon closely misses you. x2; The adder closely misses you.
You shoot an arrow. The arrow hits the steam dragon!
You kill the steam dragon!
Okawaru is honoured by your kill.
The steam dragon scales are intact enough to wear.
The bullfrog misses you. The adder closely misses you.
The bullfrog closely misses you.
Your Dodging skill increases to level 2!
You shoot an arrow. The arrow hits the bullfrog.
The bullfrog is moderately wounded.
The adder misses you. The bullfrog hits you.
You shoot an arrow. The arrow closely misses the bullfrog.
The bullfrog hits you but does no damage.
The adder bites you but does no damage. The bullfrog hits you.
You die...

.................#
.........##..#.##...##
...........|.#........#
.......#.............##
.......#.......####...#
.......#.#......###...#
..............[..######
........F#.......#
........[@<......#
........S.##....##
.......######...#
......# #...# ......
#...# ....# #### ....
..D ..


You could see a bullfrog and an adder.

Vanquished Creatures
  A steam dragon (D:6)
  Pargi (Sewer)
  An ogre (D:4)
  2 phantoms
  2 scorpions (D:4)
  A hound (D:4)
  2 orc priests
  A bullfrog skeleton (D:4)
  A scorpion zombie (D:4)
  An iguana (D:4)
  3 orc wizards
  A hound zombie (D:4)
  A gnoll (D:1)
  6 adders
  2 adder zombies (D:4)
  An adder skeleton (D:4)
  2 worms
  4 dart slugs
  16 orcs
  10 ball pythons
  10 bats
  11 endoplasms
  4 giant cockroaches
  2 goblins
  7 hobgoblins
  6 quokkas
  5 frilled lizards
  5 kobolds
  8 rats
117 creatures vanquished.

Notes
Turn   | Place    | Note
-------+----------+-------------------------------------------
     0 | D:1      | qw the Gargoyle Hunter began the quest for the Orb.
     0 | D:1      | Reached XP level 1. HP: 12/12 MP: 1/1
     0 | D:1      | 0 ||| qw: Version: 0.3-a-74-g0d5e918
     0 | D:1      | 0 ||| qw: Game counter: 28
     0 | D:1      | 0 ||| qw: Melee chars always use a shield: true
     0 | D:1      | 0 ||| qw: God list: Okawaru
     0 | D:1      | 0 ||| qw: Allow faded altars: false
     0 | D:1      | 0 ||| qw: Do Orc after clearing Dungeon:15 true
     0 | D:1      | 0 ||| qw: Do second Lair branch before Depths: true
     0 | D:1      | 0 ||| qw: Lair rune preference: random
     0 | D:1      | 0 ||| qw: Goals: Normal
     0 | D:1      | 0 ||| PLANNING D:1-11
    58 | D:1      | Reached XP level 2. HP: 17/17 MP: 2/2
   260 | D:1      | Reached XP level 3. HP: 21/21 MP: 3/3
   394 | D:1      | Reached skill level 5 in Ranged Weapons
   963 | D:1      | 963 ||| READING scroll labelled SEOTITHR DUIZEE.
   964 | D:1      | 964 ||| READING scroll labelled VOKUUS LASYUHOP.
   965 | D:1      | 965 ||| READING scroll labelled KESANA HIRE.
   966 | D:1      | 966 ||| DROPPING scroll of butterflies.
  1064 | D:2      | 1064 ||| FLEEEEING.
  1065 | D:2      | 1065 ||| FLEEEEING.
  1067 | D:2      | Reached skill level 3 in Fighting
  1230 | D:2      | Reached XP level 4. HP: 28/28 MP: 4/4
  1604 | D:2      | 1604 ||| DRINKING 2 inky potions.
  1605 | D:2      | 1605 ||| DROPPING potion of brilliance.
  2099 | D:3      | 2099 ||| UPGRADING to +0 ring mail.
  2109 | D:3      | 2109 ||| DROPPING +0 leather armour.
  2110 | D:3      | 2110 ||| UPGRADING to +0 pair of gloves.
  2115 | D:3      | 2115 ||| UPGRADING to +4 ring of protection.
  2116 | D:3      | 2116 ||| READING 2 scrolls labelled IMYLLI EPSUP.
  2117 | D:3      | 2117 ||| DRINKING 2 puce potions.
  2118 | D:3      | 2118 ||| DRINKING 2 bubbling grey potions.
  2122 | D:3      | 2122 ||| DRINKING 2 fizzy yellow potions.
  2123 | D:3      | 2123 ||| DRINKING 2 emerald potions.
  2124 | D:3      | 2124 ||| DROPPING potion of ambrosia.
  2125 | D:3      | 2125 ||| DROPPING potion of attraction.
  2126 | D:3      | 2126 ||| DROPPING potion of magic.
  2160 | D:4      | Noticed a phantom
  2165 | D:4      | 2165 ||| STAIRDANCE
  2183 | D:3      | Killed a phantom
  2184 | D:3      | Reached XP level 5. HP: 31/32 MP: 5/5
  2199 | D:4      | Noticed a phantom
  2207 | D:4      | Killed a phantom
  2208 | D:4      | Reached skill level 6 in Ranged Weapons
  2208 | D:4      | Reached XP level 6. HP: 37/37 MP: 6/6
  2463 | D:4      | Reached skill level 7 in Ranged Weapons
  2463 | D:4      | Reached XP level 7. HP: 33/43 MP: 7/7
  2676 | D:4      | Found a white marble altar of Elyvilon.
  2676 | D:4      | Found a radiant altar of Vehumet.
  3068 | D:4      | 3068 ||| READING scroll labelled XYRUDGHAFF.
  3069 | D:4      | 3069 ||| READING scroll labelled VUPHOL WOTO.
  3170 | D:4      | 3170 ||| DRINKING 2 green potions.
  3171 | D:4      | 3171 ||| DRINKING 2 bubbling golden potions.
  3199 | D:5      | Entered Level 5 of the Dungeon
  3200 | D:5      | 3200 ||| PLANNING SEWER
  3254 | D:5      | Found a staircase to the Ecumenical Temple.
  3425 | D:5      | Found a glowing drain.
  3428 | D:5      | 3428 ||| DRINKING 2 orange potions.
  3429 | D:5      | 3429 ||| READING 2 scrolls of identify.
  3429 | D:5      | 3429 ||| IDENTIFYING sapphire potion
  3435 | Sewer    | Entered a sewer
  3468 | Sewer    | Noticed Pargi
  3492 | Sewer    | Killed Pargi
  3493 | Sewer    | Reached skill level 8 in Ranged Weapons
  3507 | Sewer    | 3507 ||| DROPPING +2 sling of electrocution.
  3537 | D:5      | 3537 ||| PLANNING TEMPLE
  3640 | Temple   | Entered the Ecumenical Temple
  3641 | Temple   | 3641 ||| PLANNING OKAWARU WORSHIP
  3655 | Temple   | Became a worshipper of Warmaster Okawaru
  3656 | Temple   | 3656 ||| PLANNING D:1-11
  3683 | D:5      | 3683 ||| STAIRDANCE
  3904 | D:5      | 3904 ||| DRINKING potion of curing.
  3904 | D:5      | 3904 ||| (to cure confusion)
  3919 | D:5      | Reached XP level 8. HP: 42/48 MP: 8/8
  3968 | D:5      | 3968 ||| STAIRDANCE
  3969 | D:4      | Found a bloodstained altar of Trog.
  3969 | D:4      | Found a sparkling altar of Nemelex Xobeh.
  4026 | D:5      | Identified the +0 leather armour of Ydominn {Fly Dex+4}
  4313 | D:5      | 4313 ||| UPGRADING to +0 leather armour of Ydominn {Fly
                  | Dex+4}.
  4323 | D:5      | 4323 ||| DROPPING +0 ring mail.
  4324 | D:5      | 4324 ||| READING scroll labelled PUEFUCAPOCW.
  4325 | D:5      | 4325 ||| READING 2 scrolls of identify.
  4325 | D:5      | 4325 ||| IDENTIFYING metallic pink potion
  4326 | D:5      | 4326 ||| DROPPING potion of lignification.
  4431 | D:6      | 4431 ||| Stepping ~*~*~tactically~*~*~ (cloud).
  4432 | D:6      | 4432 ||| Stepping ~*~*~tactically~*~*~ (cloud).
  4445 | D:6      | HP: 12/49 [steam dragon] (6)]
  4445 | D:6      | HP: 2/49 [steam dragon (4)]
  4446 | D:6      | 4446 ||| DRINKING potion of heal wounds.
  4450 | D:6      | HP: 2/49 [steam dragon (4)]
  4454 | D:6      | Slain by a bullfrog

Levels and vault maps discovered:
D:1:      dpeg_arrival_simpleton_b, layout_basic
D:2:      layout_basic
D:3:      layout_rooms, minivault_26
D:4:      layout_gridville, nicolae_overflow_hidden_temple, serial_undead,
          serial_undead_e, serial_undead_e, serial_undead_e, serial_undead_f,
          serial_undead_c, serial_undead_f, minmay_circle_x
D:5:      layout_basic, minmay_temple_entry_offerings, gup_sewer_entry_bubbles
D:6:      layout_cave_pools, water_boxes_lemuel
Temple:   eino_narrow_crystal_temple

Skill      XL: |  1  2  3  4  5  6  7  8 |
---------------+-------------------------+-----
Ranged Weapons | 5 6 7 8 |  8.2
Fighting       | 3 4 5 |  5.0
Armour         | 2 |  2.9
Dodging        | 2 |  2.8
Stealth        | |  1.1

Action                     |  1- 3 |  4- 6 |  7- 9 || total
---------------------------+-------+-------+-------++-------
   Fire: Shortbow          |   109 |   204 |   221 ||   534
    Use: Scroll            |     3 |     1 |     5 ||     9
         Potion            |       |     5 |     5 ||    10
 Armour: Leather armour    |    11 |    24 |    20 ||    55
         Ring mail         |       |    50 |    69 ||   119
  Dodge: Dodged            |    18 |    69 |    94 ||   181

Table legend:
 A = Non-vault XP
 B = Vault XP
 C = Vault XP percentage of total XP
 D = Non-vault monster count
 E = Vault monster count
 F = Vault count percentage of total count
                 A         B        C        D         E       F
            +---------+---------+-------+---------+---------+-------
      Total |     770 |     695 |  47.4 |      90 |      27 |  23.1
            +---------+---------+-------+---------+---------+-------
        D:1 |      62 |       0 |   0.0 |      26 |       0 |   0.0
        D:2 |      28 |       0 |   0.0 |      14 |       0 |   0.0
        D:3 |      45 |     109 |  70.8 |      16 |       1 |   5.9
        D:4 |     277 |     421 |  60.3 |      21 |      13 |  38.2
        D:5 |     175 |      20 |  10.3 |      12 |       5 |  29.4
        D:6 |     183 |       0 |   0.0 |       1 |       0 |   0.0
      Sewer |       0 |     145 | 100.0 |       0 |       8 | 100.0
            +---------+---------+-------+---------+---------+-------
